 Dungeon Crawl Stone Soup version 0.22.1-6-g1668fe2 (webtiles) character file.

4956 redwoodhats the Poker (level 10, -5/76 HPs)
             Began as a Mummy Gladiator on Jan 25, 2019.
             Was a Believer of Uskayaw.
             Slain by a three-headed hydra (11 damage)
             ... on level 8 of the Dungeon.
             The game lasted 00:44:43 (9986 turns).

redwoodhats the Poker (Mummy Gladiator)             Turns: 9986, Time: 00:44:43

Health: -5/76      AC: 18    Str: 17    XL:     10   Next: 28%
Magic:  10/10      EV: 12    Int: 10    God:    Uskayaw [**....]
Gold:   611        SH:  0    Dex: 15    Spells: 9/9 levels left

rFire    x . .     SeeInvis .   r - +3 trident (pierce)
rCold    + + +     Gourm    .   (no shield)
rNeg     + + +     Faith    .   d - +3 scale mail {rC+}
rPois    ∞         Spirit   .   c - +1 helmet
rElec    .         Reflect  .   (no cloak)
rCorr    .         Harm     .   o - +0 pair of gloves
MR       +....                  A - +0 pair of boots
Stlth    +.........             (no amulet)
HPRegen  0.22/turn              m - ring of protection from cold
MPRegen  0.12/turn              y - +3 ring of protection

@: about to teleport
A: no food or potions, fire vulnerability, cold resistance 1, negative energy
resistance 3, torment resistance, unbreathing
a: Stomp, Line Pass, Renounce Religion


You were on level 8 of the Dungeon.
You worshipped Uskayaw.
Uskayaw was noncommittal.
You were not hungry.

You visited 2 branches of the dungeon, and saw 9 of its levels.

You collected 611 gold pieces.

Inventory:

Hand Weapons
 a - a +1 long sword
 g - a +0 hand crossbow
 j - a +3 dagger
 n - a +1 war axe of distortion
 q - a +2 falchion of flaming
 r - a +3 trident of piercing (weapon)
 x - a +0 blowgun
 B - a +0 shortbow
 E - a +2 short sword of draining
 H - a +1 flail of crushing
Missiles
 h - 20 bolts
 s - 3 tomahawks (quivered)
 C - 71 arrows
 F - 5 tomahawks of returning
Armour
 c - a +1 helmet (worn)
 d - a +3 scale mail of cold resistance (worn)
 o - a +0 pair of gloves (worn)
 A - a +0 pair of boots (worn)
Magical Staves
 b - an uncursed staff of earth
Jewellery
 l - a cursed ring of attention
 m - a ring of protection from cold (left hand)
 t - an uncursed ring of positive energy
 w - an uncursed ring of positive energy
 y - a +3 ring of protection (right hand)
Wands
 e - a wand of flame (18)
 k - a wand of iceblast (9)
Scrolls
 f - 2 scrolls of immolation
 p - 6 scrolls of remove curse
 v - 2 scrolls of teleportation
 D - 2 scrolls of identify


   Skills:
 + Level 6.2 Fighting
 + Level 3.9 Long Blades
 + Level 7.9 Polearms
 + Level 0.9 Bows
 + Level 1.0 Crossbows
 + Level 1.8 Throwing
 + Level 5.9 Armour
 + Level 4.2 Dodging
 + Level 3.1 Stealth


You had 9 spell levels left.
You didn't know any spells.
Your spell library contained the following spells:

 Spells                   Type           Power        Failure   Level  Hunger
 Summon Small Mammal      Summ           #...         75%         1    N/A
 Call Imp                 Summ           #.......     86%         2    N/A
 Call Canine Familiar     Summ           #.......     98%         3    N/A
 Summon Guardian Golem    Hex/Summ       #.......     98%         3    N/A
 Summon Ice Beast         Ice/Summ       #.......     100%        4    N/A
 Summon Lightning Spire   Summ/Air       #.......     100%        4    N/A
 Metabolic Englaciation   Hex/Ice        #.........   100%        5    N/A
 Bolt of Cold             Conj/Ice       #.........   100%        6    N/A
 Freezing Cloud           Conj/Ice/Air   #.........   100%        6    N/A
 Ozocubu's Refrigeration  Ice            #.........   100%        6    N/A
 Simulacrum               Ice/Necr       #.........   100%        6    N/A
 Ice Form                 Ice/Tmut       Unusable     N/A         4    N/A

Dungeon Overview and Level Annotations

Branches:
Dungeon (8/15)             Temple (1/1) D:4
   Lair: D:8-11

Altars:
Ashenzari
Cheibriados
Dithmenos
Elyvilon
Fedhas
Hepliaklqana
Kikubaaqudgha
Makhleb
Nemelex Xobeh
Okawaru
Qazlal
Ru
Sif Muna
Trog
Uskayaw
Vehumet
Wu Jian
Xom
Yredelemnul
Zin
The Shining One


Innate Abilities, Weirdness & Mutations

You do not eat or drink.
Your flesh is vulnerable to fire.
You are immune to poison.
Your flesh is cold resistant. (rC+)
You are immune to negative energy. (rN+++)
You are immune to unholy pain and torment.
You can survive without breathing.


Message History

You puncture the three-headed hydra!
The three-headed hydra is moderately wounded.
The three-headed hydra bites you. x2; The three-headed hydra bites you!
* * * LOW HITPOINT WARNING * * *
As you read the scroll of fog, it crumbles to dust.
The scroll dissolves into smoke.
The three-headed hydra bites you.
* * * LOW HITPOINT WARNING * * *
The three-headed hydra bites you but does no damage. x2
As you read the scroll of teleportation, it crumbles to dust.
You feel strangely unstable.
The three-headed hydra bites you but does no damage. x3
As you read the scroll of fear, it crumbles to dust.
You assume a fearsome visage.
The three-headed hydra resists with some effort.
The big kobold looks frightened!
The three-headed hydra bites you but does no damage.
The three-headed hydra bites you!
* * * LOW HITPOINT WARNING * * *
The three-headed hydra bites you!
You die...

########## #.%+...%%# #§§#.....#
### #########D###'''## #..
........#@§P.....# #.#
######.#P§§.%...# #.#
#......#§§P..P..#
###.#####.####.#P≈...%.%# ####
..........####.#PP≈.†.≈.######...
###[#####......#####†####........
#.# #.####............####... #
#.# #.# #.#.#######..# ##..
###.#####.####.#.#######..# ###


You could see a three-headed hydra.

Vanquished Creatures
  3 hippogriffs
  2 dream sheep (D:8)
  Grinder (D:5)
  Eustachio (D:4)
  2 yaks (D:8)
  Menkaure (D:4)
  A water moccasin (D:5)
  2 black bears
  3 sky beasts
  3 ogres
  A phantom (D:4)
  A centaur (D:6)
  A crocodile (D:8)
  4 big kobolds (D:8)
  Blork the orc (D:4)
  6 bullfrogs
  A wyvern zombie (D:6)
  2 scorpions (D:7)
  7 killer bees (D:7)
  4 crimson imps
  A jelly (D:8)
  A centaur zombie (D:7)
  A bullfrog zombie (D:6)
  A hound (D:5)
  A quasit (D:7)
  A bullfrog skeleton (D:8)
  An orc priest (D:2)
  4 orc wizards
  A centaur skeleton (D:4)
  Terence (D:3)
  9 worker ants
  2 hound skeletons (D:7)
  A hound zombie (D:6)
  A worker ant zombie (D:8)
  Robin (D:2)
  3 gnolls (D:5)
  10 adders
  A shadow imp (D:7)
  An ooze (D:1)
  An adder zombie (D:5)
  An adder skeleton (D:8)
  9 dart slugs
  6 leopard geckos
  16 orcs
  9 bats
  6 giant cockroaches
  15 goblins
  8 hobgoblins
  8 jackals
  5 quokkas
  2 ball pythons
  A ball python zombie (D:5)
  2 frilled lizards
  16 kobolds
  A leopard gecko skeleton (D:5)
  3 quokka skeletons
  4 rats
202 creatures vanquished.

Vanquished Creatures (others)
  A leopard gecko (D:1)
1 creature vanquished.

Grand Total: 203 creatures vanquished

Notes
Turn   | Place    | Note
-------+----------+-------------------------------------------
     0 | D:1      | redwoodhats the Mummy Gladiator began the quest for the
                  | Orb.
     0 | D:1      | Reached XP level 1. HP: 16/16 MP: 1/1
   812 | D:1      | Reached XP level 2. HP: 23/23 MP: 2/2
   918 | D:1      | Reached XP level 3. HP: 2/28 MP: 3/3
  2119 | D:2      | Found a snail-covered altar of Cheibriados.
  2224 | D:2      | Noticed Robin
  2234 | D:2      | Killed Robin
  2234 | D:2      | Reached XP level 4. HP: 16/34 MP: 4/4
  2648 | D:2      | Reached skill level 1 in Armour
  2666 | D:2      | Found a shimmering altar of Xom.
  3092 | D:3      | Noticed Terence
  3108 | D:3      | Killed Terence
  3158 | D:2      | Reached XP level 5. HP: 31/41 MP: 5/5
  3643 | D:3      | Found a white marble altar of Elyvilon.
  4473 | D:4      | Noticed an ogre
  4516 | D:4      | Noticed Menkaure
  4516 | D:4      | Noticed Blork the orc
  4576 | D:4      | Found a burning altar of Makhleb.
  4612 | D:4      | Reached XP level 6. HP: 42/47 MP: 6/6
  4681 | D:4      | Reached skill level 1 in Polearms
  4702 | D:4      | Killed Blork the orc
  4887 | D:4      | Noticed Eustachio
  5119 | D:4      | Found a staircase to the Ecumenical Temple.
  5143 | D:4      | Reached skill level 2 in Polearms
  5152 | D:4      | Reached XP level 7. HP: 13/53 MP: 7/7
  5544 | Temple   | Entered the Ecumenical Temple
  5726 | Temple   | Became a worshipper of Uskayaw the Reveler
  5799 | D:4      | Reached * piety under Uskayaw
  5831 | D:4      | Found an ornate altar of the Wu Jian Council.
  5920 | D:4      | Reached ** piety under Uskayaw
  5922 | D:4      | Killed Menkaure
  5922 | D:4      | Reached *** piety under Uskayaw
  6141 | D:4      | Reached skill level 3 in Polearms
  6177 | D:4      | Killed Eustachio
  6190 | D:5      | Entered Level 5 of the Dungeon
  6228 | D:5      | Noticed Grinder
  6263 | D:5      | Reached **** piety under Uskayaw
  6264 | D:5      | Paralysed by Grinder for 3 turns
  6270 | D:5      | Killed Grinder
  6270 | D:5      | Reached skill level 4 in Polearms
  6270 | D:5      | Reached skill level 1 in Stealth
  6270 | D:5      | Reached XP level 8. HP: 44/61 MP: 4/8
  7186 | D:6      | Reached skill level 5 in Polearms
  7422 | D:6      | Reached skill level 5 in Fighting
  7440 | D:6      | Found a hazy altar of Hepliaklqana.
  7621 | D:6      | Found a blossoming altar of Fedhas.
  7776 | D:6      | Found a sacrificial altar of Ru.
  7777 | D:6      | Noticed a hippogriff
  7797 | D:6      | Killed a hippogriff
  7797 | D:6      | Reached skill level 5 in Armour
  7797 | D:6      | Reached XP level 9. HP: 48/68 MP: 9/9
  7899 | D:6      | Found an iron altar of Okawaru.
  8159 | D:6      | Found a deep blue altar of Sif Muna.
  8498 | D:7      | Reached skill level 6 in Polearms
  8574 | D:7      | Found a shattered altar of Ashenzari.
  8876 | D:7      | Reached ***** piety under Uskayaw
  9492 | D:8      | Reached skill level 7 in Polearms
  9645 | D:8      | Reached XP level 10. HP: 64/76 MP: 3/10
  9941 | D:8      | Reached skill level 1 in Crossbows
  9977 | D:8      | Noticed a three-headed hydra
  9986 | D:8      | Slain by a three-headed hydra

Skill      XL: |  1  2  3  4  5  6  7  8  9 10 |
---------------+-------------------------------+-----
Long Blades    | 3 |  3.9
Armour         | 1 2 3 4 5 |  5.9
Fighting       | 3 4 5 6 |  6.2
Polearms       | 2 4 5 7 |  7.9
Stealth        | 1 2 3 |  3.1
Dodging        | 3 4 |  4.2
Crossbows      | 1 |  1.0
Bows           | |  0.9
Throwing       | |  1.8

Action                   |  1- 3 |  4- 6 |  7- 9 | 10-12 || total
-------------------------+-------+-------+-------+-------++-------
Melee: Long sword        |   136 |    71 |       |       ||   207
       Trident           |       |   120 |   502 |    59 ||   681
 Fire: Shortbow          |       |       |     6 |       ||     6
       Hand crossbow     |       |       |     8 |     4 ||    12
Throw: Throwing net      |     2 |       |     2 |       ||     4
       Tomahawk          |       |       |     2 |     2 ||     4
Invok: Stomp             |       |       |     5 |       ||     5
       Line Pass         |       |       |     1 |       ||     1
  Use: Scroll            |     4 |     3 |     8 |     3 ||    18
 Stab: Held in net/web   |     1 |       |     1 |       ||     2
       Paralysed         |       |       |    12 |     1 ||    13
Armor: Leather armour    |    26 |       |       |       ||    26
       Plate armour      |   114 |   214 |    51 |       ||   379
       Scale mail        |       |       |   310 |    31 ||   341
Dodge: Dodged            |    99 |    83 |   368 |    26 ||   576
       Rpst.: Long sword |    34 |     8 |       |       ||    42
